[Event "Titled Tuesday Blitz March 21 Late 2023"]
[White "Cueto, Jonny"]
[Black "Dzierzak, Radoslaw"]
[WhiteFideId "3300145"]
[BlackFideId "1161407"]
[WhiteElo "2234"]
[BlackElo "2166"]
[Result "1-0"]
[Round "02"]
[TimeControl "180+2"]
[Date "2023.03.21"]
[WhiteClock "0:00:08"]
[BlackClock "0:00:05"]

1. d4 Nf6 2. Bf4 e6 3. Nf3 c5 4. e3 cxd4 5. exd4 b6 6. Nbd2 Bb7 7. Bd3 Be7 8. O-O O-O 9. c3 d6 10. h3 Nbd7 11. Re1 Re8 12. Qa4 a6 13. Rad1 b5 14. Qc2 h6 15. Ne4 Nb6 16. Nxf6+ Bxf6 17. Be4 Nd5 18. Bd2 Rc8 19. Qd3 Qb6 20. b3 a5 21. Rb1 Ba6 22. Bxd5 exd5 23. Qf5 Qc6 24. Bxh6 Qxc3 25. Bg5 Bxd4 26. Qxd5 Be5 27. Bd2 Qc6 28. Qxc6 Rxc6 29. Bxa5 f6 30. Bd2 Rec8 31. Nh4 Kf7 32. Nf5 g6 33. Ne3 Rc5 34. Nd1 Rc2 35. Be3 Rxa2 36. f4 Rcc2 37. fxe5 Rxg2+ 38. Kf1 Rh2 39. Nf2 Bb7 40. Re2 Ra3 41. Ne4 Rxh3 42. Nxf6 Rf3+ 43. Rf2 dxe5 44. Rxf3 Bxf3 45. Kf2 Kxf6 46. Kxf3 Kf5 47. Ke2 e4 48. Bd2 Ke5 49. Bb4 Ra2+ 50. Ke3 Rh2 51. Rf1 Rh3+ 52. Ke2 Kd4 53. Bd2 e3 54. Bc1 Rh2+ 55. Ke1 Kd3 56. Rf3 Rh1+ 57. Rf1 Rh2 58. Rf3 Re2+ 59. Kf1 g5 60. Rf8 Rc2 61. Rd8+ Ke4 62. Re8+ Kf5 63. Bxe3 Rc3 64. b4 Rb3 65. Bc5 g4 66. Rf8+ Ke4 67. Kg2 g3 68. Rg8 Kf4 69. Rf8+ Ke4 70. Bd6 Kd5 71. Bc7 Kc4 72. Ba5 Ra3 73. Rf4+ Kc3 74. Rf3+ Kb2 75. Rxa3 Kxa3 76. Kxg3 Ka4 77. Kf4 Kb3 78. Ke5 Kc4 79. Kd6 Kb3 80. Kc5 Ka4 81. Kb6 1-0


[Site "https://www.chess.com"]

[Event "Titled Tuesday Blitz March 21 Late 2023"]
[White "Rottenwohrer Suarez, Juan"]
[Black "Bongo Akanga Ndjila, Barthelemy"]
[WhiteFideId "32068182"]
[BlackFideId "10609431"]
[WhiteElo "2174"]
[BlackElo "1768"]
[Result "0-1"]
[Round "02"]
[TimeControl "180+2"]
[Date "2023.03.21"]
[WhiteClock "0:00:01"]
[BlackClock "0:00:18"]

1. e4 e6 2. d4 d5 3. Nc3 Nf6 4. exd5 exd5 5. Bd3 Bd6 6. Bg5 c6 7. Nf3 O-O 8. O-O Bg4 9. h3 Bh5 10. g4 Bg6 11. Bxg6 fxg6 12. Qd3 Qc7 13. Rae1 Nbd7 14. Kg2 h6 15. Bh4 g5 16. Bg3 Rae8 17. a4 a5 18. Bxd6 Qxd6 19. Re3 Rxe3 20. fxe3 Re8 21. Re1 Ne4 22. Ne2 Rf8 23. Rf1 Rf6 24. Nd2 Nxd2 25. Rxf6 Nxf6 26. Qxd2 Ne4 27. Qe1 Qf6 28. c3 g6 29. Ng3 Nd6 30. b3 Qe6 31. Qf2 Kg7 32. Qf3 b5 33. Ne2 bxa4 34. bxa4 Nc4 35. Kf2 Nd2 36. Qg2 Ne4+ 37. Ke1 Qd6 38. Qf3 Qa3 39. Qg2 Nxc3 40. Nxc3 Qxc3+ 41. Ke2 Qc2+ 42. Kf3 Qxa4 43. Qg3 Qd1+ 44. Kg2 Qe2+ 45. Kh1 Qf1+ 46. Kh2 Qf7 47. Qe5+ Kh7 48. Qb8 a4 49. Qa8 Qf2+ 50. Kh1 Qxe3 51. Qb7+ Kg8 52. Qc7 Qxd4 53. Qd8+ Kf7 54. Qd7+ Kf6 55. Qd8+ Ke5 0-1


[Site "https://www.chess.com"]

[Event "Titled Tuesday Blitz March 21 Late 2023"]
[White "ilya2700"]
[Black "Forgacs, Attila Jr."]
[BlackFideId "773654"]
[WhiteElo "2127"]
[BlackElo "2168"]
[Result "0-1"]
[Round "02"]
[TimeControl "180+2"]
[Date "2023.03.21"]
[WhiteClock "0:00:07"]
[BlackClock "0:00:07"]

1. e4 a6 2. d4 b5 3. Bd3 Bb7 4. Nd2 Nf6 5. Qe2 e6 6. c3 c5 7. Ngf3 Be7 8. e5 Nd5 9. Ne4 cxd4 10. cxd4 Qb6 11. a3 Nc6 12. Be3 Rc8 13. O-O Na5 14. Rac1 O-O 15. Nfg5 h6 16. Nh3 Nc4 17. Bb1 Ncxe3 18. fxe3 Rxc1 19. Rxc1 f5 20. exf6 Nxf6 21. Nxf6+ Rxf6 22. Nf4 Rxf4 23. exf4 Qxd4+ 24. Qf2 Qd5 25. Qc2 Bc5+ 26. Kh1 Be3 27. Rd1 Qc6 28. Qg6 Kf8 29. f5 e5 30. f6 Qxf6 31. Qxf6+ gxf6 32. Rxd7 Bc6 33. Rd6 Bb7 34. Rd7 Bc6 35. Rh7 Ke8 36. Rc7 Bd5 37. Bf5 Bd4 38. Rd7 Bc4 39. Rb7 Bxb2 40. Bg6+ Kd8 41. Ra7 Bxa3 42. Rxa6 Bc5 43. Rxf6 Bd4 44. Rd6+ Kc7 45. Rf6 b4 46. Bf7 Bxf7 47. Rxf7+ Kd6 48. Rh7 b3 49. Rxh6+ Kc5 50. Rh8 b2 51. Rb8 Kc4 52. h4 Bc3 53. Rxb2 Bxb2 54. h5 e4 55. Kg1 Kd3 56. Kf2 Kd2 57. h6 e3+ 0-1


[Site "https://www.chess.com"]

[Event "Titled Tuesday Blitz March 21 Late 2023"]
[White "Jovic, Stanoje"]
[Black "Winkels, Marcel"]
[WhiteFideId "905020"]
[BlackFideId "1003887"]
[WhiteElo "2236"]
[BlackElo "1900"]
[Result "1-0"]
[Round "02"]
[TimeControl "180+2"]
[Date "2023.03.21"]
[WhiteClock "0:00:45"]
[BlackClock "0:00:01"]

1. c4 Nf6 2. g3 d5 3. cxd5 Nxd5 4. Bg2 g6 5. Nc3 Nxc3 6. bxc3 Bg7 7. Rb1 Nc6 8. Qa4 O-O 9. Nf3 Bd7 10. Rxb7 Ne5 11. Qa5 Bc6 12. Rxa7 Bxf3 13. Bxf3 Nxf3+ 14. exf3 Rxa7 15. Qxa7 Qd3 16. Qe3 Qc2 17. O-O Qxa2 18. Qxe7 Qd5 19. Kg2 h5 20. Qxc7 h4 21. Qf4 g5 22. Qe4 Qd7 23. g4 Re8 24. Qf5 Qxf5 25. gxf5 Re5 26. d4 Rxf5 27. h3 f6 28. f4 gxf4 29. Kf3 Bh6 30. Rg1+ Kf7 31. Rg4 Bg5 32. c4 Ra5 33. Bxf4 Bxf4 34. Rxf4 Ra3+ 35. Kg2 Rc3 36. c5 Kg6 37. Rxh4 Kg5 38. Rh8 Rc4 39. Rg8+ Kf5 40. Rd8 Kf4 41. Rd6 f5 42. c6 Rc3 43. d5 Ke5 44. Rd7 Rc5 45. c7 1-0


[Site "https://www.chess.com"]

[Event "Titled Tuesday Blitz March 21 Late 2023"]
[White "Marcolino, Daniel Mattos"]
[Black "marik_spb"]
[WhiteFideId "2106841"]
[WhiteElo "2114"]
[BlackElo "2423"]
[Result "0-1"]
[Round "02"]
[TimeControl "180+2"]
[Date "2023.03.21"]
[WhiteClock "0:00:02"]
[BlackClock "0:00:04"]

1. d4 Nf6 2. Nf3 e6 3. g3 d5 4. Bg2 b6 5. O-O Bb7 6. c4 Be7 7. cxd5 exd5 8. Nc3 O-O 9. Ne5 Nbd7 10. Qa4 Nxe5 11. dxe5 Nd7 12. Nxd5 c6 13. Nxe7+ Qxe7 14. Bxc6 Bxc6 15. Qxc6 Nxe5 16. Qb5 Rac8 17. Bf4 Rc5 18. Qb3 Nc6 19. Rfd1 Qxe2 20. Rd2 Qc4 21. Bd6 Qxb3 22. axb3 Rd8 23. Bxc5 Rxd2 24. Be3 Rxb2 25. Rc1 Ne7 26. Rc7 Ng6 27. Rxa7 Rxb3 28. Ra8+ Nf8 29. Rb8 f6 30. Rxb6 Rxb6 31. Bxb6 Kf7 32. Kg2 Ke6 33. Be3 Kd5 34. Kf3 Nd7 35. Bd2 Ne5+ 36. Ke2 Ke4 37. h3 Nf3 38. Be3 Ng1+ 39. Kf1 Nxh3 40. Kg2 Ng5 41. Bc1 Nf3 42. Bb2 Ne5 43. Ba1 g6 44. Bb2 f5 45. Ba1 Nf3 46. Bb2 Ne1+ 47. Kf1 Nd3 48. Bf6 Kf3 49. Bd4 h5 50. Bb6 g5 51. Ba7 Ne5 52. Bb8 Ng4 53. Bc7 Nxf2 54. Bb6 Ne4 0-1


[Site "https://www.chess.com"]

[Event "Titled Tuesday Blitz March 21 Late 2023"]
[White "Meunier-Pion, Jean"]
[Black "Ricaurte Lopez, Juan Carlos"]
[WhiteFideId "20685327"]
[BlackFideId "3600327"]
[WhiteElo "2124"]
[BlackElo "2209"]
[Result "0-1"]
[Round "02"]
[TimeControl "180+2"]
[Date "2023.03.21"]
[WhiteClock "0:00:02"]
[BlackClock "0:00:18"]

1. d4 d5 2. c4 e5 3. dxe5 d4 4. Nf3 Nc6 5. g3 Bg4 6. Bg2 Qd7 7. O-O O-O-O 8. Bg5 Be7 9. Bf4 h6 10. Nbd2 g5 11. e6 Qxe6 12. h3 Bxf3 13. Nxf3 gxf4 14. Qa4 fxg3 15. fxg3 Nf6 16. Nh4 Rhg8 17. Nf5 Ne4 18. Rf3 Rg5 19. Nxe7+ Qxe7 20. g4 h5 21. Raf1 f6 22. Rf4 Nc5 23. Qa3 hxg4 24. h4 Re5 25. Bxc6 bxc6 26. Qxa7 Rxe2 27. Qa8+ Kd7 28. Rxd4+ Ke8 29. Qxc6+ Nd7 30. Rd3 Qe5 31. Rf2 Rxf2 32. Kxf2 Qc5+ 33. Qxc5 Nxc5 34. Rxd8+ Kxd8 35. Kg3 f5 36. b4 Ne4+ 37. Kf4 g3 38. Kf3 f4 39. a4 c5 40. b5 Kc7 41. a5 Nf6 42. a6 Kb6 43. Kg2 Nh5 44. Kf3 Ka7 45. Kg2 Ng7 46. Kf3 Nf5 47. h5 Nh4+ 48. Ke2 g2 49. Kf2 f3 50. h6 Ng6 51. h7 Kb6 52. Kg1 Nf4 53. Kh2 Ne2 54. h8=Q g1=Q+ 55. Kh3 Qg3# 0-1


[Site "https://www.chess.com"]

[Event "Titled Tuesday Blitz March 21 Late 2023"]
[White "Bullen, Alex"]
[Black "Lorenzo De La Riva, Lazaro"]
[WhiteFideId "1801627"]
[BlackFideId "2268809"]
[WhiteElo "2088"]
[BlackElo "2294"]
[Result "1-0"]
[Round "02"]
[TimeControl "180+2"]
[Date "2023.03.21"]
[WhiteClock "0:01:12"]
[BlackClock "0:01:19"]

1. d4 d5 2. Nf3 Nc6 3. e3 Bf5 4. Bb5 e6 5. O-O Bd6 6. c4 a6 7. Bxc6+ bxc6 8. c5 Be7 9. Qa4 Nf6 10. Qxc6+ Kf8 11. Nc3 h6 12. Bd2 Rb8 13. Qxa6 Rxb2 14. Na4 Rc2 15. Rfc1 Qa8 16. Qxa8+ Ne8 17. Rxc2 Bxc2 18. Ne5 f6 19. Nc6 Kf7 20. Nxe7 Kxe7 21. Nc3 f5 22. Qa3 Kf7 23. Rc1 Bd3 24. Nxd5 exd5 25. Qxd3 Ke6 26. f3 Nf6 27. Re1 Ra8 28. e4 fxe4 29. fxe4 dxe4 30. Rxe4+ Kf7 31. Rf4 Kg8 32. Rxf6 gxf6 33. Qg3+ Kh8 34. Bxh6 Rg8 35. Qxg8+ Kxg8 36. a3 Kf7 37. Bf4 c6 38. a4 Ke6 39. a5 Kd7 40. a6 Kc8 41. h4 Kd7 42. h5 Ke6 43. a7 1-0


[Site "https://www.chess.com"]

[Event "Titled Tuesday Blitz March 21 Late 2023"]
[White "Foerster-Yialamas, Lucas"]
[Black "Manu_ChessExcelsior"]
[WhiteFideId "30901774"]
[WhiteElo "2067"]
[BlackElo "2043"]
[Result "1-0"]
[Round "02"]
[TimeControl "180+2"]
[Date "2023.03.21"]
[WhiteClock "0:01:02"]
[BlackClock "0:00:01"]

1. g4 d5 2. g5 e5 3. h4 Nc6 4. Bg2 Be6 5. a3 Qd7 6. b4 Bd6 7. Nc3 Nge7 8. e3 a6 9. Nge2 h6 10. f4 hxg5 11. fxg5 O-O-O 12. b5 axb5 13. Nxb5 Bg4 14. c4 e4 15. Qa4 Qf5 16. cxd5 Nxd5 17. Qxe4 Qe5 18. Qxg4+ Kb8 19. d4 Qe6 20. Qxe6 fxe6 21. Rb1 Be7 22. Nec3 Nb6 23. a4 Na5 24. Bd2 Nbc4 25. Ne4 c6 26. h5 cxb5 27. Rxb5 Nd6 28. Nxd6 Bxd6 29. Bxa5 Bg3+ 30. Ke2 Rd7 31. Bc6 Rc7 32. Bxc7+ Bxc7 33. Rxb7+ Kc8 34. Rc1 Kd8 35. Be4 Bd6 36. Rc6 Bg3 37. Ra6 1-0


[Site "https://www.chess.com"]

[Event "Titled Tuesday Blitz March 21 Late 2023"]
[White "Kovalevsky, Stanislav"]
[Black "Maranhao,Jose Renato Ruiz"]
[WhiteFideId "13508598"]
[BlackFideId "2135175"]
[WhiteElo "2174"]
[BlackElo "1970"]
[Result "1-0"]
[Round "02"]
[TimeControl "180+2"]
[Date "2023.03.21"]
[WhiteClock "0:00:30"]
[BlackClock "0:00:03"]

1. c4 g6 2. Nc3 Bg7 3. g3 Nf6 4. Bg2 e6 5. e4 d6 6. Nge2 Nbd7 7. O-O Rb8 8. d4 b6 9. f4 e5 10. dxe5 dxe5 11. fxe5 Nxe5 12. Qxd8+ Kxd8 13. Bg5 Nxc4 14. Rxf6 Ke8 15. Rc6 Nxb2 16. Rxc7 Ba6 17. Rxa7 Bd3 18. Be7 Rc8 19. Ba3 Nc4 20. Bb4 b5 21. Rd1 Bc2 22. Re7+ Kf8 23. Rc7+ Kg8 24. Rxc8+ Bf8 25. Bxf8 1-0


[Site "https://www.chess.com"]

[Event "Titled Tuesday Blitz March 21 Late 2023"]
[White "Szente Varga, Fruzsina"]
[Black "Vargas Pereda, Jesus Manue"]
[WhiteFideId "712264"]
[BlackFideId "5115710"]
[WhiteElo "1994"]
[BlackElo "1914"]
[Result "1-0"]
[Round "02"]
[TimeControl "180+2"]
[Date "2023.03.21"]
[WhiteClock "0:00:26"]
[BlackClock "0:01:20"]

1. e4 c6 2. d4 d5 3. exd5 cxd5 4. Bd3 Nc6 5. c3 Nf6 6. Ne2 Bg4 7. O-O e6 8. Bf4 Bd6 9. Bxd6 Qxd6 10. Nd2 O-O 11. Qc2 Rac8 12. a3 Bh5 13. Ng3 Bg6 14. Bxg6 hxg6 15. Nf3 Qc7 16. Qd3 Rb8 17. h4 b5 18. Ng5 a5 19. Qf3 b4 20. axb4 axb4 21. h5 bxc3 22. bxc3 Rb3 23. hxg6 Nxd4 24. gxf7+ Rxf7 25. Qd1 Rxc3 26. Nxf7 Rxg3 27. Qxd4 Rg4 28. Qd3 Qxf7 29. Ra8+ Ne8 30. Rb1 Rc4 31. Qf3 Qg6 32. Re1 Kh7 33. Qh3+ Kg8 34. Qxe6+ Qxe6 35. Rxe6 Rc1+ 36. Kh2 Kf7 37. Raxe8 d4 38. R8e7+ Kg8 39. Rd7 d3 40. Rxd3 Rc2 41. Rf3 1-0


[Site "https://www.chess.com"]

[Event "Titled Tuesday Blitz March 21 Late 2023"]
[White "dorpato"]
[Black "Castellanos Gomez, Alejandro"]
[BlackFideId "22284141"]
[WhiteElo "1962"]
[BlackElo "2158"]
[Result "0-1"]
[Round "02"]
[TimeControl "180+2"]
[Date "2023.03.21"]
[WhiteClock "0:00:09"]
[BlackClock "0:00:32"]

1. d4 e6 2. c4 Nf6 3. Nf3 b6 4. Nc3 Bb7 5. d5 Bb4 6. g3 exd5 7. Bg2 dxc4 8. O-O O-O 9. Qc2 d5 10. Rd1 Qe7 11. Bg5 c6 12. e3 h6 13. Bxf6 Qxf6 14. Ne2 Be7 15. Ned4 Na6 16. a3 Nc5 17. Nf5 Nd3 18. Nxe7+ Qxe7 19. b3 Ba6 20. Nd4 Rac8 21. bxc4 Bxc4 22. Rxd3 Bxd3 23. Qxd3 Rfd8 24. Rc1 c5 25. Nf5 Qe5 26. Bh3 Rc6 27. Rd1 Rf6 28. g4 Rg6 29. Ng3 Rgd6 30. Qf5 Qb2 31. Nh5 g6 32. Qf4 gxh5 33. gxh5 Qf6 34. Bf5 Qg5+ 35. Qxg5+ hxg5 36. f3 Kg7 37. h4 gxh4 38. Kf2 Kh6 39. Rh1 Kxh5 40. Bg4+ Kg5 41. Rg1 Kf6 42. Rh1 Rh8 43. f4 b5 44. Kf3 Ra6 45. Rd1 Rd8 46. e4 dxe4+ 47. Kxe4 Ra4+ 48. Ke3 Rxa3+ 49. Ke4 Ra4+ 50. Ke3 Rxd1 51. Bxd1 h3 52. Bxa4 bxa4 53. Kf3 a3 54. Kg3 a2 55. Kxh3 a1=Q 0-1


[Site "https://www.chess.com"]

[Event "Titled Tuesday Blitz March 21 Late 2023"]
[White "Idani, Pouya"]
[Black "Carlsen, Magnus"]
[WhiteFideId "12510130"]
[BlackFideId "1503014"]
[WhiteElo "2574"]
[BlackElo "2852"]
[Result "0-1"]
[Round "03"]
[TimeControl "180+2"]
[Date "2023.03.21"]
[WhiteClock "0:00:02"]
[BlackClock "0:01:03"]

1. e4 g6 2. d4 d6 3. Nc3 Bg7 4. Bg5 h6 5. Be3 Nf6 6. h3 Nbd7 7. Qd2 c6 8. Nf3 Qc7 9. O-O-O b5 10. e5 b4 11. Nb5 cxb5 12. exf6 Nxf6 13. Bxb5+ Kf8 14. Rhe1 Be6 15. d5 Bxd5 16. Bd4 Bxf3 17. gxf3 a5 18. Ba4 Rc8 19. f4 e6 20. Bxf6 Bxf6 21. Qxd6+ Kg7 22. Qxc7 Rxc7 23. Re4 Rhc8 24. f3 Rc5 25. Rd7 R8c7 26. Rxc7 Rxc7 27. b3 Rc5 28. Kd2 Rh5 29. Rc4 Rxh3 30. Ke3 Be7 31. Rc7 Kf6 32. Kf2 Rh2+ 33. Kg3 Rd2 34. Bb5 Bd6 35. Rd7 g5 36. Kg4 h5+ 37. Kxh5 Rh2+ 38. Kg4 Bxf4 0-1


[Site "https://www.chess.com"]

[Event "Titled Tuesday Blitz March 21 Late 2023"]
[White "Naroditsky, Daniel"]
[Black "Rostovtsev, Dmitry"]
[WhiteFideId "2026961"]
[BlackFideId "34278320"]
[WhiteElo "2633"]
[BlackElo "2280"]
[Result "1/2-1/2"]
[Round "03"]
[TimeControl "180+2"]
[Date "2023.03.21"]
[WhiteClock "0:00:45"]
[BlackClock "0:00:47"]

1. d4 Nf6 2. Nc3 d5 3. Bf4 a6 4. e3 c5 5. dxc5 Nc6 6. a3 g6 7. Nf3 Bg7 8. h3 O-O 9. Be2 Ne4 10. Na4 Qa5+ 11. c3 Nxc5 12. Nxc5 Qxc5 13. O-O e5 14. Bh2 Be6 15. Rc1 h6 16. b4 Qe7 17. c4 dxc4 18. Bxc4 Rad8 19. Qe2 Bxc4 20. Rxc4 e4 21. Nd2 f5 22. Nb3 Ne5 23. Bxe5 Bxe5 24. Nd4 Bxd4 25. Rxd4 Rxd4 26. exd4 Rd8 27. Rd1 Rd5 28. Qc4 Qd7 29. a4 b5 30. axb5 axb5 31. Qc3 Kh7 32. h4 f4 33. Qb3 1/2-1/2


[Site "https://www.chess.com"]

[Event "Titled Tuesday Blitz March 21 Late 2023"]
[White "Galaktionov, Artem"]
[Black "Andreikin, Dmitry"]
[WhiteFideId "24175471"]
[BlackFideId "4158814"]
[WhiteElo "2340"]
[BlackElo "2736"]
[Result "1/2-1/2"]
[Round "03"]
[TimeControl "180+2"]
[Date "2023.03.21"]
[WhiteClock "0:00:07"]
[BlackClock "0:00:40"]

1. d4 d5 2. Nf3 Nf6 3. c4 e6 4. Nc3 a6 5. cxd5 exd5 6. Bg5 Be6 7. e3 Nbd7 8. Bd3 Bd6 9. h3 O-O 10. O-O c6 11. Qd2 Re8 12. Rab1 Qb8 13. Bf4 Bxf4 14. exf4 Ne4 15. Nxe4 dxe4 16. Bxe4 Bxa2 17. Rbe1 Nf6 18. Bd3 Qd6 19. Rxe8+ Rxe8 20. Ne5 g6 21. Bc2 Rd8 22. b3 Nd5 23. Ra1 Nb4 24. Rd1 a5 25. f5 c5 26. fxg6 hxg6 27. Qf4 Qe6 28. dxc5 Re8 29. Ng4 Nxc2 30. Nf6+ Kg7 31. Nxe8+ Qxe8 32. Qf3 Qe5 33. Qxb7 Nd4 34. c6 Bxb3 35. Rxd4 Qe1+ 36. Kh2 Qe5+ 37. Kg1 Qe1+ 38. Kh2 Qe5+ 39. Kg1 1/2-1/2


[Site "https://www.chess.com"]

[Event "Titled Tuesday Blitz March 21 Late 2023"]
[White "Erigaisi Arjun"]
[Black "Urazayev, Arystanbek"]
[WhiteFideId "35009192"]
[BlackFideId "13709810"]
[WhiteElo "2737"]
[BlackElo "2479"]
[Result "0-1"]
[Round "03"]
[TimeControl "180+2"]
[Date "2023.03.21"]
[WhiteClock "0:00:04"]
[BlackClock "0:00:05"]

1. b3 d5 2. Bb2 Nf6 3. Nf3 e6 4. g3 Be7 5. Bg2 O-O 6. O-O b6 7. c4 Bb7 8. e3 dxc4 9. bxc4 c5 10. Qe2 Be4 11. Ne5 Bxg2 12. Kxg2 Qc7 13. d3 Nc6 14. f4 Nxe5 15. fxe5 Nd7 16. d4 b5 17. cxb5 cxd4 18. exd4 Nb6 19. Nc3 Rac8 20. Rac1 Qc4 21. Rf2 Qxd4 22. Ne4 Qd5 23. Rxc8 Rxc8 24. Qf3 Rf8 25. Bc3 Qxb5 26. Nf6+ Bxf6 27. exf6 g6 28. Qe3 Qd5+ 29. Rf3 Qh5 30. Qd4 Nd5 31. Bd2 g5 32. Qxa7 Rd8 33. Rf2 Qg6 34. Kg1 Qb1+ 35. Rf1 Qe4 36. Bxg5 Rc8 37. Qf2 h6 38. Rc1 Ra8 39. Bxh6 Kh7 40. Bg5 Ra3 41. h4 Rf3 42. Qe1 Qg4 43. Kh2 Ra3 44. Rc2 Nb4 45. Re2 Nd3 46. Qd2 Ne5 47. Rxe5 Qxg3+ 48. Kh1 Qh3+ 49. Kg1 Rg3+ 50. Kf2 Rg2+ 51. Ke1 Qh1# 0-1


[Site "https://www.chess.com"]

[Event "Titled Tuesday Blitz March 21 Late 2023"]
[White "Kobo, Ori"]
[Black "Sargsyan, Shant"]
[WhiteFideId "2812320"]
[BlackFideId "13306766"]
[WhiteElo "2447"]
[BlackElo "2628"]
[Result "0-1"]
[Round "03"]
[TimeControl "180+2"]
[Date "2023.03.21"]
[WhiteClock "0:00:04"]
[BlackClock "0:00:06"]

1. e4 c5 2. Nc3 Nc6 3. Bb5 Nd4 4. Nf3 e6 5. O-O a6 6. Bd3 Nc6 7. b3 d6 8. Bb2 Nf6 9. Re1 Be7 10. e5 dxe5 11. Nxe5 Nxe5 12. Rxe5 Qc7 13. Ne4 b6 14. Qe2 Bb7 15. Re1 Nxe4 16. Bxe4 O-O-O 17. Bd3 Bf6 18. Bxa6 Bxa6 19. Qxa6+ Qb7 20. Qe2 Bxe5 21. Bxe5 f6 22. Bc3 e5 23. a4 Rd6 24. Qb5 Qc6 25. Qa6+ Qb7 26. Qb5 Qc6 27. Qa6+ Kb8 28. d3 Rhd8 29. Qc4 Qd5 30. Qb5 Qc6 31. Qc4 g5 32. f3 h5 33. h3 Qd5 34. Qb5 Qc6 35. Qc4 R8d7 36. Ra1 Kb7 37. Kf2 Rg7 38. Rh1 Qd5 39. Qb5 Qc6 40. Qc4 Ka7 41. Bb2 Qd5 42. Qb5 Qc6 43. Qc4 Qd7 44. a5 b5 45. Qxc5+ Ka6 46. Qb4 g4 47. hxg4 hxg4 48. Rh8 gxf3 49. gxf3 Qc6 50. Rb8 Qxc2+ 51. Ke3 Rxd3+ 0-1


[Site "https://www.chess.com"]

[Event "Titled Tuesday Blitz March 21 Late 2023"]
[White "Paravyan, David"]
[Black "Pap, Gyula"]
[WhiteFideId "4194985"]
[BlackFideId "725323"]
[WhiteElo "2577"]
[BlackElo "2519"]
[Result "1/2-1/2"]
[Round "03"]
[TimeControl "180+2"]
[Date "2023.03.21"]
[WhiteClock "0:00:07"]
[BlackClock "0:00:01"]

1. Nf3 d5 2. d4 Nf6 3. c4 e6 4. g3 Bb4+ 5. Bd2 Bd6 6. Bg2 Nc6 7. c5 Be7 8. b4 Ne4 9. b5 Nb8 10. Nc3 Nxd2 11. Nxd2 c6 12. a4 b6 13. cxb6 axb6 14. O-O cxb5 15. axb5 Bb7 16. Rxa8 Bxa8 17. e4 dxe4 18. Ndxe4 O-O 19. Re1 Nd7 20. d5 exd5 21. Nxd5 Bxd5 22. Qxd5 Nc5 23. Nc3 Ne6 24. Qxd8 Rxd8 25. Nd5 Bc5 26. Ra1 Nd4 27. Rb1 Rxd5 28. Bxd5 Ne2+ 29. Kf1 Nc3 30. Ba2 Nxa2 31. Ra1 Nc3 32. Ra8+ Bf8 33. Rb8 Nxb5 34. Rxb6 Nd4 35. h4 Ne6 36. Kg2 h5 37. Rb5 g6 38. Ra5 Kg7 39. Ra7 Bc5 40. Rb7 Kf6 41. Rd7 Bd4 42. Rb7 Be5 43. Ra7 Kg7 44. Rb7 Bf6 45. Ra7 Nc5 46. Rc7 Nd3 47. Rd7 Ne1+ 48. Kf1 Nf3 49. Kg2 Ne5 50. Rc7 Kf8 51. Ra7 Ke8 52. Ra8+ Ke7 53. Ra6 Nd7 54. Kf3 Bg7 55. Ke2 Nc5 56. Rc6 Ne6 57. Ra6 Bd4 58. Kf3 Kf6 59. Kg2 Bc5 60. Ra8 Kf5 61. Rc8 f6 62. Rh8 Bd4 63. Rh7 Nc5 64. Rc7 Ne4 65. f3 Nd6 66. Rd7 Ke6 67. Rg7 Kf5 68. Rd7 Ke6 69. Rg7 Kf5 70. Rd7 1/2-1/2


[Site "https://www.chess.com"]

[Event "Titled Tuesday Blitz March 21 Late 2023"]
[White "Bordi, Kevin"]
[Black "Fedoseev, Vladimir"]
[WhiteFideId "621862"]
[BlackFideId "24130737"]
[WhiteElo "2814"]
[BlackElo "2752"]
[Result "0-1"]
[Round "03"]
[TimeControl "180+2"]
[Date "2023.03.21"]
[WhiteClock "0:01:36"]
[BlackClock "0:01:49"]

1. d4 d5 2. Bf4 c6 3. e3 Bf5 4. c4 e6 5. Nc3 Nd7 6. Qb3 Qb6 7. c5 Qxb3 8. axb3 a6 9. b4 Rc8 10. Nf3 Be7 11. Nd2 Bd8 12. Nb3 Bc7 13. Bxc7 Rxc7 14. Kd2 e5 15. Bd3 Be6 16. f4 f6 17. fxe5 fxe5 18. dxe5 Nxe5 19. Nd4 Ke7 20. Nce2 Nxd3 21. Kxd3 Nf6 22. Nxe6 Kxe6 23. Nd4+ Kf7 24. Rhf1 Re8 25. Rf3 Kg8 26. Raf1 Ng4 27. Ne6 Ne5+ 28. Ke2 Rcc8 0-1


[Site "https://www.chess.com"]

[Event "Titled Tuesday Blitz March 21 Late 2023"]
[White "Bortnyk, Olexandr"]
[Black "Melkumyan, Hrant"]
[WhiteFideId "14120828"]
[BlackFideId "13302485"]
[WhiteElo "2734"]
[BlackElo "2604"]
[Result "1-0"]
[Round "03"]
[TimeControl "180+2"]
[Date "2023.03.21"]
[WhiteClock "0:00:58"]
[BlackClock "0:00:01"]

1. d4 d5 2. Nc3 Nf6 3. Bf4 Bf5 4. e3 e6 5. Nf3 h6 6. h4 a6 7. Bd3 Bxd3 8. cxd3 c5 9. Qb3 b5 10. dxc5 Bxc5 11. Rc1 Nbd7 12. O-O O-O 13. a4 bxa4 14. Nxa4 Qa5 15. Ne5 Rfc8 16. Nxd7 Nxd7 17. d4 Bf8 18. Qb7 Qb5 19. Qxb5 axb5 20. Nc3 Ra5 21. Ne2 Rxc1 22. Rxc1 Ra2 23. Rc7 Nf6 24. Rc8 Rxb2 25. Ng3 Ra2 26. Bd6 Ra1+ 27. Nf1 Nd7 28. Rd8 Ra6 29. Bb4 Ra4 30. Be7 Ra7 31. Nd2 f6 32. Nb3 Kf7 33. Bxf8 Nxf8 34. Nc5 b4 35. g4 Rc7 36. Rxf8+ Ke7 37. Rb8 1-0


[Site "https://www.chess.com"]

[Event "Titled Tuesday Blitz March 21 Late 2023"]
[White "Bluebaum, Matthias"]
[Black "Albornoz Cabrera, Carlos Daniel"]
[WhiteFideId "24651516"]
[BlackFideId "3518736"]
[WhiteElo "2638"]
[BlackElo "2501"]
[Result "1/2-1/2"]
[Round "03"]
[TimeControl "180+2"]
[Date "2023.03.21"]
[WhiteClock "0:01:22"]
[BlackClock "0:01:26"]

1. d4 Nf6 2. c4 g6 3. Nc3 Bg7 4. e4 d6 5. Nf3 Bg4 6. Be2 O-O 7. Be3 Nfd7 8. h4 e5 9. d5 Nf6 10. Nd2 Bxe2 11. Qxe2 Nh5 12. g3 a6 13. c5 Nd7 14. cxd6 cxd6 15. a4 Rc8 16. O-O Nc5 17. b4 Nb3 18. Nxb3 Rxc3 19. Na5 Qd7 20. Qd2 Qh3 21. Qxc3 Nxg3 22. fxg3 Qxg3+ 23. Kh1 Qh3+ 24. Kg1 Qg3+ 25. Kh1 Qh3+ 26. Kg1 Qg3+ 1/2-1/2


[Site "https://www.chess.com"]

[Event "Titled Tuesday Blitz March 21 Late 2023"]
[White "Bolourchifard, Farzad"]
[Black "Van Foreest, Jorden"]
[WhiteFideId "12510084"]
[BlackFideId "1039784"]
[WhiteElo "2317"]
[BlackElo "2633"]
[Result "0-1"]
[Round "03"]
[TimeControl "180+2"]
[Date "2023.03.21"]
[WhiteClock "0:00:40"]
[BlackClock "0:01:39"]

1. e4 c5 2. Nc3 Nc6 3. g3 e6 4. Bg2 Nf6 5. Nge2 d5 6. exd5 exd5 7. d4 cxd4 8. Nxd4 Bg4 9. f3 Bd7 10. O-O Be7 11. Kh1 O-O 12. Nce2 Re8 13. b3 Bc5 14. Bb2 Rc8 15. Nxc6 bxc6 16. Nf4 Be3 17. Nd3 c5 18. Ne5 d4 19. Nxd7 Qxd7 20. Qd3 h5 21. Rad1 h4 22. Rfe1 hxg3 23. hxg3 Re5 24. g4 Nxg4 25. fxg4 Qxg4 26. Rxe3 Rxe3 27. Qd2 Re2 0-1


[Site "https://www.chess.com"]

[Event "Titled Tuesday Blitz March 21 Late 2023"]
[White "Deac, Bogdan-Daniel"]
[Black "Holt, Conrad"]
[WhiteFideId "1226380"]
[BlackFideId "2034387"]
[WhiteElo "2649"]
[BlackElo "2592"]
[Result "0-1"]
[Round "03"]
[TimeControl "180+2"]
[Date "2023.03.21"]
[WhiteClock "0:00:01"]
[BlackClock "0:00:36"]

1. d4 d5 2. Bf4 c5 3. e3 Nc6 4. Nf3 Nf6 5. Nbd2 e6 6. c3 Be7 7. Bd3 Nh5 8. Be5 cxd4 9. exd4 Nxe5 10. Nxe5 Nf6 11. O-O O-O 12. f4 g6 13. Qe2 Bd7 14. g4 Be8 15. f5 exf5 16. gxf5 Nh5 17. Kh1 Bg5 18. fxg6 hxg6 19. Nxg6 fxg6 20. Qe6+ Kg7 21. Rxf8 Kxf8 22. Bxg6 Qf6 23. Rf1 Bxg6 24. Rxf6+ Bxf6 25. Nf3 Re8 26. Qd6+ Kg7 27. Ne5 Be4+ 28. Kg1 Re7 29. Kf2 Nf4 30. Kg3 Ng6 31. Nf3 Rf7 32. Ne5 Bh4+ 33. Kg4 Bf5+ 0-1


[Site "https://www.chess.com"]